General information
- name: BNet
- type: Ladder team game (AT/RT)
- host: Battle.net
- saver: FriendlyTyler
map: SilverpineForest
- players: 6
- length: 49:12
- speed: Fast
- version: 1.26 W3XP
- replay type:

» download(478 KB)
Players
team 1 (loser)
Mayweather. (
teal | 136 APM | 6698 actions | 49:04)
5 Blood Mage
2 Banish
3 Siphon Mana
4 Archmage
1 Summon Water Elemental
2 Blizzard
1 Brilliance Aura
5 Mountain King
3 Storm Bolt
2 Thunder Clap
» actions
| Assign group hotkey | 135 | |
| Basic commands | 188 | |
| Build / train | 184 | |
| ESC pressed | 16 | |
| Enter build submenu | 45 | |
| Enter hero's abilities submenu | 17 | |
| Give item / drop item | 5 | |
| Right click | 3398 | |
| Select / deselect | 1315 | |
| Select group hotkey | 1073 | |
| Use ability | 322 | |
6698 total
» units
| Peasant | 39 | |
| Footman | 11 | |
| Goblin Shredder | 2 | |
| Flying Machine | 22 | |
| Siege Engine | 13 | |
| Goblin Zeppelin | 5 | |
| Sorceress | 2 | |
| Priest | 2 | |
96 total
» upgrades
| Lumber Harvesting | 1 | |
| Flying Machine Bombs | 1 | |
| Flak Cannons | 1 | |
| Barrage | 1 | |
| Swords | 1 | |
| Gunpowder | 4 | |
| Masonry | 1 | |
| Armor | 1 | |
| Plating | 2 | |
| Sorceress Training | 1 | |
| Priest Training | 1 | |
15 total
» buildings
| Farm | 13 | |
| Altar of Kings | 1 | |
| Barracks | 1 | |
| Arcane Vault | 1 | |
| Scout Tower | 17 | |
| Keep | 3 | |
| Arcane Tower | 1 | |
| Lumber Mill | 1 | |
| Blacksmith | 1 | |
| Town Hall | 6 | |
| Workshop | 3 | |
| Castle | 4 | |
| Guard Tower | 15 | |
| Arcane Sanctum | 3 | |
70 total
» build order
00:11 Farm
00:13 Altar of Kings
00:21 Barracks
01:00 Farm
01:35 Arcane Vault
01:38 Scout Tower
01:43 Farm
01:45 Scout Tower
02:08 Keep
02:08 Keep
02:16 Arcane Tower
03:20 Lumber Mill
03:28 Farm
05:16 Blacksmith
05:30 Scout Tower
06:23 Town Hall
06:44 Town Hall
07:38 Farm
09:20 Workshop
10:00 Workshop
10:27 Castle
10:27 Castle
10:27 Castle
10:47 Farm
10:49 Farm
10:50 Farm
10:50 Farm
10:54 Scout Tower
11:24 Guard Tower
11:25 Scout Tower
11:28 Scout Tower
12:30 Town Hall
12:53 Guard Tower
12:56 Scout Tower
12:56 Scout Tower
12:57 Scout Tower
13:00 Scout Tower
13:10 Workshop
13:11 Guard Tower
14:41 Guard Tower
17:10 Farm
17:13 Guard Tower
17:14 Guard Tower
17:16 Guard Tower
18:07 Scout Tower
18:12 Scout Tower
20:37 Guard Tower
20:37 Guard Tower
20:38 Guard Tower
20:39 Town Hall
20:41 Scout Tower
20:42 Scout Tower
20:43 Scout Tower
20:45 Scout Tower
20:45 Scout Tower
22:25 Guard Tower
22:26 Guard Tower
25:49 Guard Tower
25:50 Guard Tower
33:36 Arcane Sanctum
33:37 Arcane Sanctum
35:26 Town Hall
35:40 Arcane Sanctum
38:20 Farm
38:25 Farm
38:28 Farm
46:06 Town Hall
» items
| Potion of Invulnerability | 1 | |
| Potion of Greater Mana | 1 | |
| Claws of Attack +6 | 1 | |
| Potion of Healing | 6 | |
| Potion of Mana | 3 | |
| Staff of Sanctuary | 2 | |
| Orb of Fire | 2 | |
| Scroll of Regeneration | 2 | |
| Lesser Clarity Potion | 1 | |
| Orb of Darkness | 1 | |
| Boots of Speed | 1 | |
| Ancient Janggo of Endurance | 1 | |
22 total
MoH-EnZyMeX (
red | 156 APM | 7412 actions | 47:33)
6 Tauren Chieftain
1 War Stomp
1 Endurance Aura
3 Shockwave
1 Reincarnation
1 Pandaren Brewmaster
1 Breath of Fire
» actions
| Assign group hotkey | 81 | |
| Basic commands | 159 | |
| Build / train | 101 | |
| ESC pressed | 11 | |
| Enter build submenu | 33 | |
| Enter hero's abilities submenu | 7 | |
| Give item / drop item | 1 | |
| Remove unit from queue | 1 | |
| Right click | 3365 | |
| Select / deselect | 754 | |
| Select group hotkey | 2736 | |
| Use ability | 163 | |
7412 total
» units
| Peon | 26 | |
| Troll Headhunter/Berserker | 9 | |
| Demolisher | 9 | |
| Troll Batrider | 12 | |
56 total
» upgrades
| Ranged Weapons | 3 | |
| Armor | 1 | |
| Burning Oil | 1 | |
| Liquid Fire | 1 | |
6 total
» buildings
| Altar of Storms | 1 | |
| Orc Burrow | 9 | |
| War Mill | 1 | |
| Barracks | 2 | |
| Voodoo Lounge | 1 | |
| Stronghold | 2 | |
| Fortress | 1 | |
| Great Hall | 3 | |
| Watch Tower | 4 | |
| Beastiary | 4 | |
28 total
» build order
00:03 Altar of Storms
00:19 Orc Burrow
00:34 War Mill
01:14 Orc Burrow
01:31 Barracks
01:47 Barracks
02:10 Orc Burrow
02:14 Orc Burrow
02:33 Voodoo Lounge
03:23 Orc Burrow
05:04 Stronghold
05:04 Stronghold
06:18 Orc Burrow
07:39 Orc Burrow
07:54 Fortress
08:17 Orc Burrow
12:51 Great Hall
16:36 Watch Tower
16:37 Watch Tower
16:38 Watch Tower
17:48 Watch Tower
18:47 Beastiary
18:48 Beastiary
18:50 Beastiary
18:59 Beastiary
20:34 Orc Burrow
25:07 Great Hall
27:21 Great Hall
» items
| Healing Salve | 9 | |
| Lesser Clarity Potion | 3 | |
| Scroll of Speed | 2 | |
| Scroll of Town Portal | 2 | |
| Tiny Great Hall | 2 | |
| Potion of Healing | 2 | |
| Orb of Lightning | 1 | |
21 total

»
Myallie.iS-nooB (
orange | 86 APM | 4235 actions | 49:09)
6 Priestess of the Moon
3 Trueshot Aura
2 Scout
1 Starfall
1 Keeper of the Grove
1 Entangling Roots
» actions
| Assign group hotkey | 107 | |
| Basic commands | 351 | |
| Build / train | 118 | |
| ESC pressed | 19 | |
| Enter build submenu | 58 | |
| Enter hero's abilities submenu | 7 | |
| Give item / drop item | 1 | |
| Remove unit from queue | 2 | |
| Right click | 1797 | |
| Select / deselect | 1032 | |
| Select group hotkey | 577 | |
| Use ability | 165 | |
4235 total
» units
| Wisp | 49 | |
| Huntress | 5 | |
| Glaive Thrower | 3 | |
| Archer | 1 | |
| Chimaera | 17 | |
75 total
» upgrades
| Strength of the Moon | 1 | |
| Moon Armor | 1 | |
| Strength of the Wild | 3 | |
| Corrosive Breath | 1 | |
6 total
» buildings
| Altar of Elders | 2 | |
| Moon Well | 11 | |
| Hunter's Hall | 2 | |
| Ancient of War | 3 | |
| Tree of Life | 5 | |
| Ancient Protector | 25 | |
| Tree of Ages | 5 | |
| Tree of Eternity | 2 | |
| Ancient of Wind | 1 | |
| Chimaera Roost | 3 | |
59 total
» build order
00:21 Altar of Elders
00:27 Moon Well
01:50 Moon Well
02:35 Hunter's Hall
03:20 Ancient of War
03:42 Ancient of War
04:50 Ancient of War
04:54 Moon Well
04:56 Moon Well
06:33 Tree of Life
07:56 Tree of Life
09:26 Moon Well
09:30 Ancient Protector
11:16 Tree of Ages
11:17 Tree of Ages
12:00 Ancient Protector
15:48 Hunter's Hall
18:05 Tree of Ages
18:05 Tree of Ages
19:14 Ancient Protector
19:15 Ancient Protector
19:16 Ancient Protector
19:19 Ancient Protector
19:19 Ancient Protector
19:56 Ancient Protector
20:12 Tree of Life
20:23 Ancient Protector
20:27 Ancient Protector
20:57 Ancient Protector
20:58 Ancient Protector
21:01 Ancient Protector
22:48 Tree of Life
22:55 Ancient Protector
22:56 Ancient Protector
23:49 Tree of Life
23:51 Ancient Protector
24:55 Ancient Protector
25:15 Ancient Protector
25:18 Ancient Protector
27:08 Altar of Elders
27:45 Ancient Protector
27:49 Ancient Protector
28:03 Ancient Protector
28:12 Ancient Protector
31:47 Tree of Ages
32:47 Ancient Protector
32:55 Ancient Protector
35:27 Tree of Eternity
35:28 Tree of Eternity
35:29 Ancient of Wind
38:04 Chimaera Roost
38:07 Chimaera Roost
39:56 Chimaera Roost
39:59 Moon Well
40:05 Moon Well
40:05 Moon Well
42:47 Moon Well
45:48 Moon Well
45:48 Moon Well
» items
| Scroll of Healing | 1 | |
| Boots of Speed | 2 | |
| Staff of Teleportation | 2 | |
| Scroll of Town Portal | 2 | |
| Healing Salve | 3 | |
| Potion of Healing | 1 | |
11 total
team 2 (winner)
BetUWishUNoSrch (
green | 105 APM | 5184 actions | 49:10)
10 Blademaster
3 Wind Walk
3 Critical Strike
1 Bladestorm
3 Mirror Image
» actions
| Assign group hotkey | 19 | |
| Basic commands | 30 | |
| Build / train | 77 | |
| ESC pressed | 3 | |
| Enter build submenu | 52 | |
| Enter hero's abilities submenu | 10 | |
| Give item / drop item | 5 | |
| Right click | 3743 | |
| Select / deselect | 283 | |
| Select group hotkey | 680 | |
| Use ability | 282 | |
5184 total
» units
» upgrades
| Spiked Barricades | 1 | |
| Liquid Fire | 1 | |
| Reinforced Defenses | 1 | |
| Ranged Weapons | 1 | |
4 total
» buildings
| Altar of Storms | 2 | |
| Orc Burrow | 5 | |
| War Mill | 1 | |
| Watch Tower | 36 | |
| Voodoo Lounge | 3 | |
| Stronghold | 2 | |
| Fortress | 1 | |
| Beastiary | 3 | |
| Great Hall | 2 | |
55 total
» build order
00:03 Altar of Storms
00:08 Orc Burrow
00:15 War Mill
01:31 Watch Tower
01:35 Watch Tower
01:55 Voodoo Lounge
02:10 Watch Tower
02:16 Watch Tower
03:09 Stronghold
03:26 Watch Tower
03:29 Watch Tower
03:49 Watch Tower
03:50 Watch Tower
05:04 Watch Tower
05:13 Watch Tower
05:14 Watch Tower
05:17 Voodoo Lounge
05:54 Fortress
05:56 Beastiary
05:57 Beastiary
06:00 Voodoo Lounge
06:20 Watch Tower
06:23 Watch Tower
06:24 Watch Tower
07:10 Orc Burrow
07:12 Orc Burrow
07:17 Watch Tower
07:35 Watch Tower
08:35 Watch Tower
08:39 Watch Tower
08:52 Watch Tower
09:34 Great Hall
09:38 Watch Tower
09:42 Watch Tower
09:47 Watch Tower
09:59 Watch Tower
11:17 Watch Tower
11:17 Watch Tower
11:18 Watch Tower
11:18 Watch Tower
12:25 Watch Tower
12:28 Watch Tower
12:41 Watch Tower
12:57 Watch Tower
14:36 Watch Tower
14:36 Watch Tower
14:40 Watch Tower
14:40 Watch Tower
16:52 Beastiary
18:23 Watch Tower
19:25 Orc Burrow
23:08 Great Hall
27:32 Orc Burrow
43:00 Altar of Storms
» items
| Staff of Teleportation | 1 | |
| Boots of Speed | 1 | |
| Healing Salve | 4 | |
| Lesser Clarity Potion | 5 | |
| Orb of Lightning | 1 | |
| Helm of Valor | 3 | |
| Medallion of Courage | 1 | |
| Scroll of Town Portal | 1 | |
17 total
Birdeneering (
blue | 134 APM | 6577 actions | 49:10)
6 Archmage
3 Blizzard
2 Brilliance Aura
1 Mass Teleport
6 Blood Mage
3 Flame Strike
2 Siphon Mana
1 Summon Phoenix
4 Paladin
2 Holy Light
2 Divine Shield
» actions
| Assign group hotkey | 724 | |
| Basic commands | 19 | |
| Build / train | 171 | |
| Enter build submenu | 144 | |
| Enter hero's abilities submenu | 17 | |
| Give item / drop item | 15 | |
| Right click | 3182 | |
| Select / deselect | 589 | |
| Select group hotkey | 1290 | |
| Use ability | 424 | |
6577 total
» units
» upgrades
| Masonry | 3 | |
| Lumber Harvesting | 2 | |
| Magic Sentry | 1 | |
6 total
» buildings
| Altar of Kings | 1 | |
| Lumber Mill | 6 | |
| Farm | 5 | |
| Scout Tower | 159 | |
| Arcane Tower | 5 | |
| Guard Tower | 79 | |
| Keep | 1 | |
| Arcane Vault | 3 | |
| Castle | 1 | |
| Arcane Sanctum | 1 | |
| Town Hall | 2 | |
263 total
» build order
00:03 Altar of Kings
00:18 Lumber Mill
00:33 Farm
00:50 Farm
01:21 Scout Tower
01:26 Farm
01:49 Scout Tower
01:51 Arcane Tower
01:53 Scout Tower
02:18 Scout Tower
02:19 Arcane Tower
02:26 Scout Tower
02:26 Guard Tower
02:48 Scout Tower
02:48 Scout Tower
02:49 Guard Tower
03:16 Scout Tower
03:17 Scout Tower
03:18 Scout Tower
03:29 Guard Tower
03:34 Guard Tower
03:42 Scout Tower
03:42 Scout Tower
03:44 Guard Tower
03:56 Keep
03:57 Guard Tower
04:01 Scout Tower
04:13 Guard Tower
05:01 Scout Tower
05:07 Guard Tower
05:10 Scout Tower
05:11 Scout Tower
05:12 Guard Tower
05:29 Guard Tower
05:32 Scout Tower
05:39 Guard Tower
05:52 Scout Tower
05:53 Scout Tower
06:05 Guard Tower
06:23 Guard Tower
06:28 Arcane Vault
06:32 Scout Tower
06:33 Guard Tower
06:39 Scout Tower
06:40 Scout Tower
06:41 Scout Tower
07:08 Guard Tower
07:09 Scout Tower
07:25 Guard Tower
07:27 Scout Tower
07:27 Scout Tower
07:41 Guard Tower
07:43 Scout Tower
07:47 Scout Tower
07:47 Scout Tower
08:12 Guard Tower
08:15 Guard Tower
08:17 Scout Tower
08:19 Arcane Tower
08:33 Castle
08:56 Guard Tower
08:58 Scout Tower
09:00 Scout Tower
09:11 Scout Tower
09:12 Guard Tower
09:37 Guard Tower
09:38 Scout Tower
09:38 Scout Tower
09:40 Guard Tower
09:41 Scout Tower
09:42 Scout Tower
09:45 Arcane Sanctum
10:30 Guard Tower
10:42 Scout Tower
10:43 Scout Tower
10:43 Scout Tower
10:44 Guard Tower
10:53 Guard Tower
10:56 Scout Tower
10:57 Scout Tower
11:47 Guard Tower
12:24 Scout Tower
12:24 Scout Tower
12:25 Scout Tower
12:32 Scout Tower
12:33 Scout Tower
12:33 Scout Tower
12:34 Scout Tower
12:34 Scout Tower
14:25 Scout Tower
14:26 Scout Tower
14:27 Scout Tower
14:34 Guard Tower
14:35 Guard Tower
14:36 Scout Tower
14:37 Scout Tower
14:42 Scout Tower
14:44 Scout Tower
14:59 Guard Tower
15:07 Scout Tower
15:28 Guard Tower
15:39 Scout Tower
15:40 Scout Tower
15:43 Guard Tower
16:06 Scout Tower
16:15 Guard Tower
16:17 Scout Tower
16:56 Guard Tower
16:56 Guard Tower
16:58 Scout Tower
17:08 Guard Tower
17:36 Scout Tower
17:37 Scout Tower
17:37 Scout Tower
17:38 Scout Tower
17:49 Scout Tower
17:51 Scout Tower
17:53 Scout Tower
17:53 Scout Tower
17:55 Scout Tower
17:56 Scout Tower
17:59 Guard Tower
18:02 Scout Tower
18:03 Scout Tower
18:06 Scout Tower
18:07 Scout Tower
18:09 Guard Tower
18:11 Scout Tower
18:12 Scout Tower
18:33 Guard Tower
19:00 Guard Tower
20:26 Guard Tower
20:28 Scout Tower
20:30 Scout Tower
20:42 Scout Tower
20:44 Guard Tower
20:45 Scout Tower
20:46 Scout Tower
21:05 Guard Tower
21:12 Guard Tower
21:20 Scout Tower
21:23 Guard Tower
21:37 Scout Tower
21:53 Scout Tower
21:55 Scout Tower
21:55 Scout Tower
21:56 Guard Tower
22:09 Guard Tower
22:10 Scout Tower
22:41 Guard Tower
22:52 Scout Tower
22:54 Scout Tower
22:56 Scout Tower
22:57 Scout Tower
22:58 Scout Tower
23:27 Guard Tower
23:41 Guard Tower
23:43 Scout Tower
23:44 Scout Tower
23:45 Scout Tower
23:45 Scout Tower
23:46 Scout Tower
23:47 Scout Tower
23:53 Scout Tower
23:54 Scout Tower
23:58 Guard Tower
23:59 Scout Tower
24:00 Scout Tower
24:14 Farm
24:14 Farm
24:19 Guard Tower
24:38 Guard Tower
24:39 Guard Tower
24:40 Scout Tower
24:41 Scout Tower
24:54 Guard Tower
24:55 Guard Tower
24:57 Scout Tower
25:33 Guard Tower
25:37 Town Hall
25:51 Scout Tower
25:51 Scout Tower
25:52 Scout Tower
25:52 Scout Tower
25:57 Guard Tower
26:02 Guard Tower
26:05 Scout Tower
27:19 Guard Tower
27:24 Scout Tower
27:24 Scout Tower
27:35 Arcane Tower
27:40 Arcane Vault
27:44 Scout Tower
28:11 Guard Tower
28:13 Scout Tower
28:14 Guard Tower
28:15 Scout Tower
28:16 Scout Tower
28:22 Scout Tower
28:23 Scout Tower
28:53 Scout Tower
28:54 Guard Tower
28:59 Scout Tower
29:00 Scout Tower
29:03 Scout Tower
29:04 Scout Tower
29:07 Scout Tower
29:07 Scout Tower
29:17 Guard Tower
29:19 Scout Tower
29:20 Scout Tower
29:20 Scout Tower
29:28 Scout Tower
29:29 Scout Tower
29:29 Guard Tower
29:38 Guard Tower
29:43 Guard Tower
29:59 Guard Tower
30:45 Guard Tower
31:39 Scout Tower
31:40 Scout Tower
31:42 Scout Tower
33:34 Guard Tower
35:11 Lumber Mill
35:12 Lumber Mill
35:15 Lumber Mill
35:17 Lumber Mill
35:49 Town Hall
35:52 Scout Tower
35:53 Scout Tower
35:54 Scout Tower
35:54 Scout Tower
35:57 Scout Tower
35:58 Scout Tower
35:58 Scout Tower
35:59 Scout Tower
36:00 Scout Tower
36:29 Scout Tower
36:30 Scout Tower
36:31 Scout Tower
36:32 Scout Tower
36:33 Scout Tower
36:33 Scout Tower
36:36 Scout Tower
36:36 Scout Tower
36:37 Scout Tower
36:38 Scout Tower
36:38 Scout Tower
36:39 Scout Tower
36:59 Arcane Tower
37:00 Guard Tower
37:04 Guard Tower
37:29 Guard Tower
37:51 Guard Tower
38:11 Guard Tower
39:00 Guard Tower
39:05 Guard Tower
39:06 Arcane Vault
39:13 Lumber Mill
39:42 Guard Tower
39:44 Scout Tower
39:44 Scout Tower
42:07 Guard Tower
» items
| Boots of Speed | 3 | |
| Staff of Teleportation | 3 | |
| Dust of Appearance | 1 | |
| Scroll of Regeneration | 2 | |
| Orb of Lightning | 1 | |
| Staff of Sanctuary | 2 | |
| Healing Salve | 4 | |
| Potion of Healing | 2 | |
| Lesser Clarity Potion | 2 | |
| Orb of Venom | 2 | |
22 total
FriendlyTyler (
purple | 125 APM | 6143 actions | 49:12)
6 Warden
3 Shadow Strike
3 Blink
7 Pandaren Brewmaster
3 Breath of Fire
3 Drunken Haze
1 Storm Earth and Fire
» actions
| Assign group hotkey | 10 | |
| Basic commands | 2 | |
| Build / train | 87 | |
| Enter build submenu | 36 | |
| Enter hero's abilities submenu | 13 | |
| Give item / drop item | 20 | |
| Remove unit from queue | 4 | |
| Right click | 4278 | |
| Select / deselect | 595 | |
| Select group hotkey | 683 | |
| Use ability | 414 | |
6143 total
» units
| Wisp | 22 | |
| Chimaera | 2 | |
| Goblin Zeppelin | 1 | |
| Hippogryph | 2 | |
27 total
» upgrades
| Well Spring | 1 | |
| Ultravision | 1 | |
| Strength of the Wild | 3 | |
| Corrosive Breath | 1 | |
| Reinforced Hides | 3 | |
| Nature's Blessing | 1 | |
| Strength of the Moon | 0 | |
10 total
» buildings
| Altar of Elders | 1 | |
| Moon Well | 33 | |
| Tree of Ages | 1 | |
| Ancient of Wonders | 1 | |
| Tree of Eternity | 1 | |
| Hunter's Hall | 1 | |
| Tree of Life | 8 | |
| Ancient of Wind | 5 | |
| Chimaera Roost | 2 | |
53 total
» build order
00:12 Altar of Elders
00:17 Moon Well
01:39 Moon Well
06:03 Tree of Ages
06:33 Ancient of Wonders
08:57 Tree of Eternity
09:36 Moon Well
10:57 Hunter's Hall
10:59 Moon Well
12:41 Tree of Life
14:56 Ancient of Wind
16:11 Chimaera Roost
16:13 Chimaera Roost
21:51 Moon Well
21:52 Moon Well
21:52 Moon Well
24:06 Moon Well
24:06 Moon Well
24:07 Moon Well
27:46 Tree of Life
27:48 Tree of Life
31:38 Tree of Life
33:24 Tree of Life
35:38 Tree of Life
36:11 Tree of Life
40:19 Moon Well
40:20 Moon Well
40:20 Moon Well
40:22 Moon Well
40:23 Moon Well
40:23 Moon Well
40:24 Moon Well
40:25 Moon Well
40:25 Moon Well
40:26 Moon Well
40:26 Moon Well
40:27 Moon Well
40:27 Moon Well
40:33 Moon Well
40:34 Moon Well
40:35 Moon Well
40:35 Moon Well
40:36 Moon Well
40:37 Moon Well
40:39 Moon Well
40:40 Moon Well
40:41 Moon Well
40:42 Moon Well
42:47 Tree of Life
46:14 Ancient of Wind
46:14 Ancient of Wind
46:15 Ancient of Wind
46:16 Ancient of Wind
» items
| Boots of Speed | 2 | |
| Staff of Teleportation | 2 | |
| Healing Salve | 4 | |
| Lesser Clarity Potion | 8 | |
| Staff of Preservation | 2 | |
| Dust of Appearance | 1 | |
| Orb of Venom | 1 | |
| Orb of Lightning | 1 | |
| Pendant of Mana | 3 | |
| Amulet of Spell Shield | 1 | |
| Hood of Cunning | 1 | |
26 total
Chat log
(00:27 / All) BetUWishUNoSrch: Hey every1
(00:30 / All) Birdeneering: bonchour
(02:04 / All) Birdeneering: hey wait guys
(02:07 / All) Birdeneering: No
(02:08 / All) Birdeneering: I need
(02:09 / All) Birdeneering: to fix
(02:10 / All) Myallie.iS-nooB: srry cant
(02:11 / All) Birdeneering: see
(02:12 / All) Birdeneering: you pause
(02:22 / All) BetUWishUNoSrch: hey every
(03:35 / All) MoH-EnZyMeX: cube rulez
(05:44 / All) Birdeneering: U noobs
(05:45 / All) MoH-EnZyMeX: 2 sec delay
(05:46 / All) MoH-EnZyMeX: noob
(06:00 / All) Birdeneering: if u Noobs
(06:03 / All) Birdeneering: we can play nicer
(10:05 / All) MoH-EnZyMeX: mh
(10:06 / All) MoH-EnZyMeX: nice
(11:15 / All) MoH-EnZyMeX: nice mh
(11:23 / All) Birdeneering: u noobs?
(11:27 / All) MoH-EnZyMeX: u are
(11:36 / All) Birdeneering: think we mh.. lmao
(11:45 / All) MoH-EnZyMeX: run mh
(11:46 / All) MoH-EnZyMeX: noob
(12:00 / All) Birdeneering: Lil zero game sense noobs
(12:02 / All) Birdeneering: think everyone MHs
(12:04 / All) MoH-EnZyMeX: y
(12:07 / All) MoH-EnZyMeX: u are freewin in 1v1
(12:08 / All) Birdeneering: cause they're not an idiot like u
(12:10 / All) MoH-EnZyMeX: witnh 1 bot!
(12:11 / All) MoH-EnZyMeX: hehe
(15:46 / All) MoH-EnZyMeX: sukers
(18:19 / All) MoH-EnZyMeX: or have mh!
(18:20 / All) MoH-EnZyMeX: xd
(18:21 / All) MoH-EnZyMeX: orc*
(18:30 / All) Birdeneering: jesus..
(18:31 / All) Birdeneering: scroob
(22:29 / All) MoH-EnZyMeX: orc hacker
(22:33 / All) MoH-EnZyMeX: jaja nive move from peon
(24:23 / All) MoH-EnZyMeX: cancel expa
(24:23 / All) MoH-EnZyMeX: cancel
(24:24 / All) MoH-EnZyMeX: xd
(26:09 / All) MoH-EnZyMeX: orc mh
(26:10 / All) MoH-EnZyMeX: signaisl
(26:16 / All) MoH-EnZyMeX: delay
(26:24 / All) FriendlyTyler: lol
(26:51 / All) BetUWishUNoSrch: cya
(28:31 / All) MoH-EnZyMeX: go orc
(28:33 / All) MoH-EnZyMeX: atack expa
(28:34 / All) MoH-EnZyMeX: hacker
(29:20 / All) MoH-EnZyMeX: 6 staels
(29:24 / All) MoH-EnZyMeX: for kill 2 hh XD
(29:27 / All) MoH-EnZyMeX: 7
(29:28 / All) MoH-EnZyMeX: XDDDDD
(32:13 / All) Mayweather.: xd
(35:39 / All) Birdeneering: why are you losing noobs?
(35:43 / All) MoH-EnZyMeX: towers?
(35:45 / All) MoH-EnZyMeX: and delay ladder?
(35:46 / All) MoH-EnZyMeX: XD
(36:11 / All) Birdeneering: how come we can play??
(36:13 / All) Birdeneering: just fine?
(36:14 / All) Birdeneering: and you lose??
(36:19 / All) MoH-EnZyMeX: i dont lose never
(36:19 / All) Birdeneering: you noobs maybe=
(36:20 / All) MoH-EnZyMeX: in 1v1
(36:21 / All) MoH-EnZyMeX: vs u
(36:21 / All) MoH-EnZyMeX: noob
(36:23 / All) Birdeneering: 1v1??
(36:24 / All) MoH-EnZyMeX: with 0 sec delay
(36:25 / All) Birdeneering: go? 1v1?
(36:25 / All) MoH-EnZyMeX: in 3v3
(36:27 / All) MoH-EnZyMeX: go
(36:27 / All) MoH-EnZyMeX: go
(36:30 / All) MoH-EnZyMeX: with 0 delay after
(36:30 / All) MoH-EnZyMeX: go 1v1.
(37:07 / All) Birdeneering: WOWW u noobs
(37:10 / All) Birdeneering: how bad are you
(37:11 / All) MoH-EnZyMeX: After go 1v1
(37:11 / All) MoH-EnZyMeX: e
(37:13 / All) MoH-EnZyMeX: /j 10
(37:13 / All) Birdeneering: Kill 2 base still can't win?
(37:14 / All) MoH-EnZyMeX: XD
(37:15 / All) Birdeneering: fuckin hell
(37:21 / All) MoH-EnZyMeX: delay
(37:22 / All) MoH-EnZyMeX: win
(37:23 / All) MoH-EnZyMeX: not u
(37:33 / All) Birdeneering: www.highper.ch
(37:33 / All) MoH-EnZyMeX: bm
(37:35 / All) MoH-EnZyMeX: overpower
(37:35 / All) MoH-EnZyMeX: xdd
(37:40 / All) Birdeneering: other noobs like you losing because they're too stupid
(37:43 / All) Birdeneering: you're not alone
(37:44 / All) MoH-EnZyMeX: ok
(37:45 / All) Birdeneering: www.highper.ch
(37:46 / All) MoH-EnZyMeX: after e
(37:47 / All) MoH-EnZyMeX: :DDD
(38:14 / All) Birdeneering: is it delay
(38:17 / All) Birdeneering: that made you make 10000 gyro??
(38:23 / All) MoH-EnZyMeX: ?
(38:24 / All) MoH-EnZyMeX: go 1v1 after
(38:25 / All) MoH-EnZyMeX: e
(38:26 / All) MoH-EnZyMeX: dont cry
(38:27 / All) MoH-EnZyMeX: mhrs
(38:28 / All) MoH-EnZyMeX: Xdd
(38:29 / All) Birdeneering: delay that made you make tiny town hall right in front of me?
(38:38 / All) MoH-EnZyMeX: u def with towr
(38:40 / All) MoH-EnZyMeX: noob
(38:41 / All) MoH-EnZyMeX: go 1v1 after
(38:42 / All) MoH-EnZyMeX: e
(38:43 / All) MoH-EnZyMeX: 2 time
(38:45 / All) MoH-EnZyMeX: 0 fear
(38:45 / All) MoH-EnZyMeX: XD
(38:48 / All) FriendlyTyler: lol
(39:52 / All) Birdeneering: it's funny to me..
(39:55 / All) Birdeneering: I can make 0 units
(39:57 / All) Birdeneering: Not a single unit
(40:00 / All) MoH-EnZyMeX: y
(40:01 / All) Birdeneering: and still win this easy
(40:02 / All) Birdeneering: vs you
(40:03 / All) MoH-EnZyMeX: 6 heros
(40:04 / All) Birdeneering: damn you're bad red
(40:05 / All) MoH-EnZyMeX: lv 5
(40:07 / All) MoH-EnZyMeX: u cant win?
(40:09 / All) MoH-EnZyMeX: u are noob
(40:10 / All) MoH-EnZyMeX: xddd
(40:26 / All) Birdeneering: already won
(40:36 / All) Birdeneering: game is over red is so noob
(40:39 / All) Birdeneering: Makes headhunters lmaoo!
(40:41 / All) MoH-EnZyMeX: cry
(40:45 / All) MoH-EnZyMeX: After go 1v1
(40:46 / All) MoH-EnZyMeX: e
(40:46 / All) MoH-EnZyMeX: xd
(40:48 / All) FriendlyTyler: lol
(40:51 / All) FriendlyTyler: try winning 3v3 first
(40:52 / All) FriendlyTyler: shitbird
(40:56 / All) MoH-EnZyMeX: 3v3 no problem
(40:58 / All) MoH-EnZyMeX: for me
(40:59 / All) MoH-EnZyMeX: < 1v1 player
(41:01 / All) MoH-EnZyMeX: unskilled
(41:10 / All) FriendlyTyler: you are losing though?????
(41:14 / All) MoH-EnZyMeX: nope
(41:15 / All) MoH-EnZyMeX: 4fun
(41:16 / All) FriendlyTyler: follow this through to its logical conclusion
(41:18 / All) FriendlyTyler: you're worse
(41:20 / All) BetUWishUNoSrch: if you cant kill a tower with 3 armies what makes you think you can kill it with one
(41:21 / All) MoH-EnZyMeX: k
(41:22 / All) MoH-EnZyMeX: but
(41:24 / All) MoH-EnZyMeX: i win u easy
(41:26 / All) Birdeneering: think I can beat a noob orc who makes headhunters pretty easy LOL
(41:27 / All) MoH-EnZyMeX: betu
(41:28 / All) MoH-EnZyMeX: u dont speak
(41:31 / All) MoH-EnZyMeX: u are the fucker maphacker
(41:32 / All) MoH-EnZyMeX: noob
(41:40 / All) BetUWishUNoSrch: lmao
(41:47 / All) BetUWishUNoSrch: hey big red army is heading towards my base
(41:52 / All) BetUWishUNoSrch: im a hacker if i cancel expo ???
(42:00 / All) MoH-EnZyMeX: nope
(42:02 / All) MoH-EnZyMeX: strange moves
(42:03 / All) MoH-EnZyMeX: from u
(42:06 / All) MoH-EnZyMeX: all know u are mh
(42:07 / All) MoH-EnZyMeX: and noob
(42:07 / All) MoH-EnZyMeX: xd
(42:14 / All) MoH-EnZyMeX: mOVes of noob
(42:16 / All) MoH-EnZyMeX: maphacker.
(42:20 / All) MoH-EnZyMeX: no of skill
(42:41 / All) Birdeneering: lmaoo
(42:42 / All) FriendlyTyler: kik
(42:43 / All) FriendlyTyler: lol
(42:46 / All) Mayweather.: ?
(43:27 / All) Birdeneering: LOL tc
(43:30 / All) MoH-EnZyMeX: Delay
(43:38 / All) FriendlyTyler: lol
(43:39 / All) Birdeneering: No delay this game
(43:41 / All) FriendlyTyler: shitnoob
(43:43 / All) Birdeneering: You just suck BALLLSS
(43:43 / All) FriendlyTyler: birdnoob
(43:47 / All) MoH-EnZyMeX: k
(43:47 / All) FriendlyTyler: are you spanish or what
(43:49 / All) MoH-EnZyMeX: after
(43:50 / All) FriendlyTyler: you're fucking garbage
(43:50 / All) MoH-EnZyMeX: 1v1
(43:51 / All) MoH-EnZyMeX: e
(43:51 / All) MoH-EnZyMeX: XD
(44:08 / All) Birdeneering: this is how you kill towers
(44:09 / All) Birdeneering: noobloords
(44:13 / All) MoH-EnZyMeX: but
(44:14 / All) MoH-EnZyMeX: After
(44:15 / All) MoH-EnZyMeX: dont cry
(44:16 / All) Birdeneering: really easy
(44:18 / All) MoH-EnZyMeX: with u lose
(44:19 / All) MoH-EnZyMeX: in 1v1
(44:21 / All) MoH-EnZyMeX: with 0 delay e
(44:22 / All) MoH-EnZyMeX: :DDDD
(44:43 / All) MoH-EnZyMeX: heroes lv 6 8
(44:44 / All) MoH-EnZyMeX: easy
(44:45 / All) MoH-EnZyMeX: xd
(45:04 / All) Birdeneering: hahaha batss
(45:05 / All) Birdeneering: hahahahah
(45:13 / All) Birdeneering: so stupid
(45:14 / All) Birdeneering: makes bats
(45:17 / All) MoH-EnZyMeX: 4fun
(45:19 / All) MoH-EnZyMeX: vs noobs
(45:20 / All) MoH-EnZyMeX: with delay
(45:20 / All) MoH-EnZyMeX: xd
(45:26 / All) FriendlyTyler: i'm in canada
(45:26 / All) BetUWishUNoSrch: lmao teal
(45:29 / All) FriendlyTyler: i assume you're euroshit
(45:34 / All) MoH-EnZyMeX: ey
(45:34 / All) MoH-EnZyMeX: Ey
(45:35 / All) FriendlyTyler: my "delay" prob 3x yours
(45:35 / All) MoH-EnZyMeX: blue
(45:40 / All) MoH-EnZyMeX: delay
(45:41 / All) MoH-EnZyMeX: ยท sec delay
(45:43 / All) MoH-EnZyMeX: 3*
(45:44 / All) MoH-EnZyMeX: u have?
(45:46 / All) MoH-EnZyMeX: i cant play goo
(45:47 / All) MoH-EnZyMeX: d
(45:47 / All) Birdeneering: hahaha
(45:50 / All) BetUWishUNoSrch: no shit
(45:52 / All) MoH-EnZyMeX: After u look
(45:52 / All) FriendlyTyler: i agree
(45:53 / All) BetUWishUNoSrch: you a bad player
(45:54 / All) MoH-EnZyMeX: in 1v1
(45:55 / All) MoH-EnZyMeX: ablue
(45:57 / All) Birdeneering: because you suck
(45:58 / All) MoH-EnZyMeX: i own u
(46:00 / All) MoH-EnZyMeX: in 5 min
(46:01 / All) MoH-EnZyMeX: blue
(46:03 / All) MoH-EnZyMeX: After /j 10
(46:04 / All) MoH-EnZyMeX: please.
(46:05 / All) MoH-EnZyMeX: XDDDDD
(46:33 / All) Birdeneering: wonder what excuse you'll make when you lose 1v1 after making headhunters and being a noob
(46:40 / All) MoH-EnZyMeX: ESCUXEX?
(46:41 / All) MoH-EnZyMeX: after
(46:42 / All) MoH-EnZyMeX: u look
(46:44 / All) MoH-EnZyMeX: 0 escuxex
(46:45 / All) MoH-EnZyMeX: in bot ok?
(46:46 / All) MoH-EnZyMeX: XDDD
(46:58 / All) MoH-EnZyMeX: rly
(46:59 / All) MoH-EnZyMeX: 5 time
(47:01 / All) MoH-EnZyMeX: u no are rival
(47:02 / All) MoH-EnZyMeX: for me
(47:04 / All) MoH-EnZyMeX: with 0 delay
(47:04 / All) MoH-EnZyMeX: xd